 Dungeon Crawl Stone Soup version 0.15-a0-198-g2f4809b (webtiles) character file.

200 PolkaDot the Caller (level 4, -1/30 HPs)
             Began as a Vampire Summoner on Apr 23, 2014.
             Slain by an adder (5 damage)
             ... on Level 3 of the Dungeon.
             The game lasted 00:04:42 (1666 turns).

PolkaDot the Caller (Vampire Summoner)              Turns: 1666, Time: 00:04:42

HP  -1/30        AC  2     Str  7      XL: 4   Next: 81%
MP   7/7         EV 13     Int 18      God:
Gold 76          SH  0     Dex 14      Spells:  2 memorised,  3 levels left

rFire  . . .     SeeInvis +     c - +1,+3 hand axe
rCold  . . .     Clarity  .     a - +0 robe
rNeg   . . .     Conserve .     (no shield)
rPois  .         rCorr    .     (no helmet)
rElec  .         rRot     .     (no cloak)
SustAb . .       Spirit   .     (no gloves)
rMut   .         Warding  .     (no boots)
Saprov . . .     Stasis   .     (no amulet)
MR     .....                    (no ring)
                                (no ring)

@: regenerating quickly, lethally poisoned, not resistant to hostile
enchantments, stealthy
A: fangs 3, see invisible, unbreathing
a: no special abilities


You were on level 3 of the Dungeon.
You were very full.

You visited 1 branch of the dungeon, and saw 3 of its levels.

You collected 76 gold pieces.

Inventory:

Hand weapons
 c - a +1,+3 hand axe (weapon)
Armour
 a - a +0 robe (worn)
Scrolls
 d - a scroll of blinking {unknown}
 g - 2 scrolls of enchant armour {unknown}
 k - a scroll of remove curse {unknown}
 l - a scroll of recharging {unknown}
 n - a scroll of identify {unknown}
Potions
 e - 2 potions of curing {unknown}
 f - 3 potions of might {unknown}
 h - 2 potions of heal wounds {unknown}
 i - a potion of lignification {unknown}
 j - a potion of brilliance {unknown}
 m - a potion of flight {unknown}
Books
 b - a book of Callings

   Spells                             Type                      Level
   *Summon Small Mammal               Summoning                    1
   Call Imp                           Summoning                    2
   *Call Canine Familiar              Summoning                    3
   Summon Guardian Golem              Hexes/Summoning              4
   Summon Lightning Spire             Summoning/Air                4
   Summon Ice Beast                   Ice/Summoning                4


   Skills:
 + Level 3.5 Dodging
 - Level 3.0 Stealth
 - Level 2.0 Spellcasting
 * Level 5.6 Summonings


You had 3 spell levels left.
You knew the following spells:

 Your Spells              Type           Power        Failure   Level  Hunger
a - Summon Small Mammal   Summ           ###.         1%          1    #......
c - Call Canine Familiar  Summ           ###.....     6%          3    ####...


Dungeon Overview and Level Annotations

Branches:
Dungeon (3/15)

Altars:


Innate Abilities, Weirdness & Mutations

Your natural rate of healing is unusually fast.
You have razor-sharp teeth.*
You have supernaturally acute eyesight.
You can survive without breathing.*


Message History

The adder barely misses you. The adder bites you.
You hit the adder but do no damage.
The adder is almost dead.
You feel sick. The adder bites you.
* * * LOW HITPOINT WARNING * * *
You are lethally poisoned!
The adder poisons you! The adder bites you but does no damage.
You completely miss the adder.
The adder is almost dead.
* * * LOW HITPOINT WARNING * * *
You feel sick. The adder bites you but does no damage.
The adder barely misses you.
You barely miss the adder.
The adder is almost dead.
* * * LOW HITPOINT WARNING * * *
You feel sick. The adder closely misses you.
You barely miss the adder.
The adder is almost dead.
The adder misses you. The adder bites you.
You die...

#.....#.# #.##.# #
#)......# #.##.# #
#.......# #.##.#####
.......########........#
......................#.#
.###.###############......
..
....................#.#.
..
##.........########......
.......S@..# #..#.#.
##.....###..#######......
#.... ##.............#
#... ########..##.# #..
#..##.# . #..##.# #..##.#
#..##.# #..##.#


You could see an adder.

Vanquished Creatures
  A giant frog (D:3)
  2 giant geckos
  An ooze (D:1)
  2 ball pythons
  10 bats
  A giant cockroach (D:2)
  5 goblins
  6 hobgoblins
  3 jackals (D:1)
  4 giant newts
  7 kobolds
  3 rats
45 creatures vanquished.

Vanquished Creatures (collateral kills)
  A jackal (D:1)
  A rat (D:1)
2 creatures vanquished.

Grand Total: 47 creatures vanquished

Notes
Turn   | Place    | Note
--------------------------------------------------------------
     0 | D:1      | PolkaDot, the Vampire Summoner, began the quest for the Orb.
     0 | D:1      | Reached XP level 1. HP: 13/13 MP: 3/3
   209 | D:1      | Reached XP level 2. HP: 19/19 MP: 4/4
   603 | D:1      | Reached XP level 3. HP: 24/24 MP: 6/6
  1557 | D:3      | Reached skill level 5 in Summonings
  1591 | D:3      | Noticed a giant frog
  1597 | D:3      | Learned a level 3 spell: Call Canine Familiar
  1606 | D:3      | Killed a giant frog
  1606 | D:3      | Reached XP level 4. HP: 12/30 MP: 7/7
  1666 | D:3      | Slain by an adder

Action                   |  1- 3 |  4- 6 || total
-------------------------+-------+-------++-------
Melee: Unarmed           |    19 |       ||    19
       Hand axe          |   103 |     9 ||   112
 Cast: Summon Small Mamm |     6 |       ||     6
  Use: Potion            |     1 |       ||     1
 Stab: Sleeping          |     4 |       ||     4
